Map: Blackburn LE

Players

PartinG - Winner!

  • Race: Protoss Protoss

LiquidClem (Clem)

  • Race: Terran Terran

Event: DreamHack SC2 Masters 2021 Fall

VOD

Have the link to the VOD?

Description

Time

  • Played on: Sept. 11, 2021, 12:49 p.m.
  • Length: 9:29

All games in this series

Show
View Real Time Build Order
Export as new Build Order

PartinG Protoss - Winner!

Build Orders: 1 Gate Expand 

Get SALT Encoding   

  12  0:00  Probe  
  13  0:12  Probe  
  14  0:17  Pylon  
  14  0:24  Probe (Chrono Boost)  
  15  0:36  Probe (Chrono Boost)  
  15  0:38  Gateway  
  16  0:44  Probe (Chrono Boost)  
  16  0:46  Assimilator  
  17  0:51  Probe  
  18  1:03  Probe  
  19  1:15  Probe  
  20  1:25  Cybernetics Core  
  20  1:34  Nexus  
  20  1:37  Probe  
  21  1:42  Pylon  
  21  1:50  Assimilator  
  21  1:51  Probe  
  22  1:58  Adept (Chrono Boost), Warp Gate (Chrono Boost)  
  24  2:04  Probe  
  25  2:10  Pylon  
  25  2:16  Probe  
  25  2:18  Adept (Chrono Boost)  
  28  2:28  Probe  
  29  2:32  Gateway  
  29  2:43  Gateway  
  29  2:49  Adept  
  31  2:52  Probe  
  31  2:55  Probe  
  33  3:06  Probe  
  33  3:08  Probe  
  33  3:09  Shield Battery  
  35  3:18  Shield Battery  
  35  3:21  Probe  
  35  3:22  Probe  
  37  3:32  Stalker x2  
  41  3:37  Stalker  
  41  3:52  Probe x2  
  43  3:57  Stalker x2  
  43  4:01  Stalker  
  46  4:04  Probe x2  
  45  4:16  Probe  
  45  4:17  Probe  
  47  4:23  Stalker  
  49  4:28  Stalker  
  49  4:33  Probe x2  
  49  4:39  Robotics Facility  
  49  4:45  Stalker  
  51  4:46  Stalker  
  51  4:51  Probe  
  54  4:57  Pylon, Probe  
  53  5:05  Probe  
  46  5:09  Assimilator, Probe  
  46  5:13  Assimilator  
  46  5:14  Stalker x2  
  51  5:19  Stalker  
  54  5:21  Probe x2  
  54  5:25  Pylon  
  55  5:32  Warp Prism (Chrono Boost)  
  51  5:41  Stalker x2  
  56  5:47  Probe  
  56  5:49  Probe  
  58  5:54  Stalker  
  60  6:01  Probe  
  62  6:05  Observer  
  62  6:06  Stalker x2  
  62  6:09  Pylon  
  67  6:12  Robotics Bay  
  67  6:13  Probe  
  67  6:20  Pylon  
  67  6:23  Probe  
  67  6:25  Probe  
  69  6:33  Pylon  
  69  6:38  Stalker x3  
  69  6:39  Observer  
  76  6:42  Probe x2  
  78  6:54  Probe x2  
  74  7:03  Nexus  
  74  7:07  Pylon  
  74  7:08  Stalker  
  76  7:11  Colossus (Chrono Boost)  
  82  7:15  Extended Thermal Lance (Chrono Boost)  
  82  7:22  Probe x2  
  84  7:25  Sentry  
  84  7:26  Sentry  
  84  7:27  Observer  
  88  7:36  Shield Battery  
  88  7:37  Shield Battery, Stalker  
  88  7:48  Observer  
  88  7:54  Colossus (Chrono Boost), Gateway x2  
  94  7:59  Stalker x2  
  98  8:06  Observer  
  98  8:07  Stalker  
  98  8:09  Shield Battery, Probe x2  
  98  8:21  Gateway  
  98  8:25  Zealot x2  
  102  8:31  Colossus (Chrono Boost), Stalker  
  110  8:45  Gateway  
  110  8:47  Zealot  
  110  8:48  Gateway  
  112  8:49  Zealot  
  112  8:52  Pylon  
  100  9:03  Stalker  
  100  9:04  Stalker  
  100  9:06  Zealot  
  106  9:12  Zealot  
  106  9:23  Stalker x2  
Show
View Real Time Build Order
Export as new Build Order

LiquidClem Terran 

Build Orders: 1/1/1 

Get SALT Encoding   

  12  0:00  SCV  
  13  0:12  SCV  
  14  0:17  Supply Depot  
  14  0:24  SCV  
  15  0:30  Refinery  
  15  0:38  SCV  
  16  0:44  Barracks  
  16  0:50  SCV  
  17  1:02  SCV  
  18  1:11  Supply Depot  
  18  1:14  SCV  
  19  1:31  Marine, Orbital Command  
  20  1:34  Factory  
  20  1:50  Barracks Reactor  
  20  1:57  SCV  
  21  2:09  SCV  
  21  2:14  Refinery  
  22  2:18  Hellion  
  22  2:21  SCV  
  25  2:25  Supply Depot  
  25  2:26  Marine, Starport  
  25  2:27  Marine  
  27  2:33  SCV  
  28  2:39  Hellion  
  30  2:44  Marine  
  30  2:46  Marine  
  30  2:50  Supply Depot, SCV  
  33  3:02  Marine, Medivac  
  33  3:04  Marine  
  37  3:06  Hellion  
  39  3:13  Supply Depot  
  39  3:20  Marine  
  39  3:22  Marine  
  41  3:28  SCV, Factory Tech Lab  
  42  3:38  Marine  
  42  3:39  Marine  
  44  3:48  Cyclone  
  47  3:50  Viking  
  47  3:55  Marine, SCV  
  44  3:57  Marine  
  44  3:59  Supply Depot  
  42  4:07  SCV  
  38  4:13  Marine  
  38  4:15  Marine  
  40  4:19  SCV  
  40  4:22  Siege Tank  
  42  4:31  Marine  
  42  4:33  Marine, Liberator  
  47  4:52  Marine x2  
  47  4:57  SCV  
  47  4:59  Siege Tank  
  42  5:07  Command Center  
  42  5:10  Marine  
  43  5:15  SCV  
  43  5:16  Supply Depot  
  44  5:23  Starport Tech Lab  
  44  5:25  Barracks  
  44  5:26  Marine  
  45  5:31  SCV  
  42  5:36  Marine  
  42  5:39  Siege Tank  
  46  5:43  SCV  
  47  5:50  Barracks  
  47  5:55  SCV  
  47  5:57  Marine x2  
  48  6:03  Starport Reactor  
  50  6:07  SCV  
  51  6:14  Marine  
  51  6:15  Siege Tank  
  55  6:19  Orbital Command  
  55  6:26  Marine  
  55  6:28  Marine  
  57  6:35  Supply Depot  
  57  6:36  SCV  
  57  6:39  Marine  
  59  6:43  Viking  
  59  6:46  SCV  
  61  6:47  Barracks Tech Lab x2, Factory Tech Lab  
  61  6:51  Barracks Tech Lab  
  61  6:53  SCV, Supply Depot  
  62  6:54  Barracks Tech Lab  
  62  7:00  Marine  
  62  7:01  Marine, SCV  
  61  7:06  Siege Tank  
  65  7:11  Marine  
  65  7:14  Supply Depot  
  65  7:15  Marauder  
  68  7:19  Stimpack  
  68  7:20  Marine  
  68  7:21  Marine  
  70  7:25  SCV x2  
  70  7:29  Liberator  
  75  7:33  Marine, Supply Depot  
  75  7:36  Marine  
  77  7:38  Marine  
  77  7:39  SCV  
  77  7:40  SCV  
  77  7:43  Marine  
  79  7:53  Siege Tank  
  79  7:55  Marine  
  84  7:58  Marauder  
  84  7:59  Supply Depot  
  84  8:01  Marine, SCV  
  84  8:02  Refinery, SCV  
  86  8:06  Marauder  
  86  8:11  Supply Depot  
  88  8:14  Bunker  
  88  8:15  Marine  
  88  8:19  Bunker  
  91  8:20  Marauder  
  91  8:21  Marine  
  91  8:22  Refinery  
  92  8:28  Marauder  
  94  8:34  Supply Depot  
  94  8:36  Siege Tank  
  94  8:37  Marine  
  98  8:42  Marauder  
  100  8:52  Bunker x2  
  100  8:53  Marine  
  98  8:57  Marauder  

Tags
 
Add a new tag
Caveats
  • Supply blocks, unpowered buildings, or Contaminate may cause inaccurate times.
  • Supply counts are checked every 10 seconds.